 Dungeon Crawl Stone Soup version 0.31-a0-986-g5e6e4ef867 (webtiles) character file.

Game seed: 16667372632217246700

38082 Demosthentine the Spear-Bearer (level 13, 0/97 HPs)
             Began as a Demonspawn Gladiator on Nov 14, 2023.
             Was a High Priest of Hepliaklqana.
             Killed from afar by Roxanne (48 damage)
             ... with a crystal spear
             ... on level 14 of the Dungeon.
             The game lasted 00:35:21 (17718 turns).

Demosthentine the Spear-Bearer (DsGl)              Turns: 17718, Time: 00:35:22

Health: 0/97       AC: 23    Str: 17    XL:     13   Next: 61%
Magic:  22/22      EV: 23    Int: 10    God:    Hepliaklqana [*****.]
Gold:   1324       SH:  0    Dex: 17    Spells: 12/12 levels left

rFire   . . .        a - +1 trident
rCold   . . .        (no shield)
rNeg    . . .        E - +0 troll leather armour
rPois   .            c - +1 helmet
rElec   .            (no cloak)
rCorr   .            G - +0 pair of gloves
SInv    .            (no boots)
Will    +....        j - amulet of the acrobat
Stlth   +            i - +4 ring of protection
HPRegen 1.16/turn    t - ring of willpower
MPRegen 0.18/turn

%: acrobat
@: agile, sanguine armoured
A: reduced essence, powered by pain 2, sanguine armour 3, demonic magic 1,
weakness stinger 2
a: Renounce Religion, Recall Ancestor, Ancestor Identity, Transference, Idealise


You were on level 14 of the Dungeon.
You worshipped Hepliaklqana.
Hepliaklqana was extremely pleased with you.
You visited 2 branches of the dungeon, and saw 15 of its levels.
You also visited: Ossuary, Gauntlet and Ice Cave.

You collected 1324 gold pieces.

Inventory:

Hand Weapons
 a - a +1 trident (weapon)
Missiles
 e - 10 javelins
Armour
 c - a +1 helmet (worn)
 g - a +0 leather armour of cold resistance
 E - a +0 troll leather armour (worn)
 G - a +0 pair of gloves (worn)
 J - the +4 skin of Zhor {*Englaciate rC+++ SInv}
   (You found it in an ice cave)

   *Englaciate: It radiates cold, occasionally slowing all nearby creatures who
   are not resistant to cold.
   rC+++:     It renders you almost immune to cold.
   SInv:      It lets you see invisible.
Jewellery
 d - a ring of ice
 h - an amulet of guardian spirit
 i - a +4 ring of protection (left hand)
 j - an amulet of the acrobat (around neck)
 t - a ring of willpower (right hand)
 L - a +4 ring of protection
Wands
 f - a wand of flame (7)
 q - a wand of quicksilver (3)
 D - a wand of digging (4)
 F - a wand of iceblast (3)
 H - a wand of mindburst (8)
 M - a wand of paralysis (5)
Scrolls
 n - 2 scrolls of amnesia
 o - 2 scrolls of immolation
 u - 5 scrolls of blinking
 v - 2 scrolls of fog
 w - 3 scrolls of enchant weapon
 x - 2 scrolls of fear
 y - 5 scrolls of teleportation
 C - 2 scrolls of poison
 K - a scroll of revelation
Potions
 b - a potion of lignification
 k - 8 potions of enlightenment {unknown}
 l - 10 potions of curing
 m - 6 potions of mutation
 p - 2 potions of cancellation
 r - 4 potions of brilliance
 s - 2 potions of ambrosia
 z - a potion of magic
 A - 4 potions of haste
 B - 2 potions of attraction
 I - a potion of might


   Skills:
 + Level 12.2 Fighting
 + Level 13.7 Polearms
 - Level 1.7 Throwing
 - Level 5.5 Armour
 + Level 11.4 Dodging
 + Level 13.2 Invocations


You had 12 spell levels left.
You didn't know any spells.
Your spell library contained the following spells:

 Spells                   Type           Power      Damage    Failure   Level
 Magic Dart               Conj           0%         1d3       41%         1
 Sandblast                Erth           0%         2d4       41%         1
 Slow                     Hex            0%         N/A       41%         1
 Blink                    Tloc           0%         N/A       56%         2
 Call Imp                 Summ           0%         N/A       56%         2
 Ensorcelled Hibernation  Hex/Ice        0%         N/A       56%         2
 Lesser Beckoning         Tloc           0%         N/A       56%         2
 Passwall                 Tmut/Erth      0%         N/A       56%         2
 Sublimation of Blood     Necr           0%         N/A       56%         2
 Confusing Touch          Hex            0%         N/A       80%         3
 Gell's Gravitas          Tloc           0%         N/A       80%         3
 Hailstorm                Conj/Ice       0%         3d3       80%         3
 Mephitic Cloud           Conj/Pois/Air  0%         N/A       80%         3
 Ozocubu's Armour         Ice            0%         N/A       80%         3
 Sigil of Binding         Hex            0%         N/A       80%         3
 Stone Arrow              Conj/Erth      0%         3d7       80%         3
 Swiftness                Air            0%         N/A       80%         3
 Teleport Other           Tloc           0%         N/A       80%         3
 Vampiric Draining        Necr           0%         2d6       80%         3
 Brom's Barrelling Bould  Conj/Erth      0%         2d3       99%         4
 Manifold Assault         Tloc           0%         N/A       99%         4
 Petrify                  Tmut/Erth      0%         N/A       99%         4
 Summon Ice Beast         Ice/Summ       0%         N/A       99%         4
 Alistair's Intoxication  Tmut/Pois      0%         N/A       100%        5
 Borgnjor's Vile Clutch   Necr/Erth      0%         N/A       100%        5
 Irradiate                Conj/Tmut      0%         3d11      100%        5
 Summon Forest            Summ/Tloc      0%         N/A       100%        5
 Eringya's Noxious Bog    Tmut/Pois      0%         4d6       100%        6
 Simulacrum               Ice/Necr       0%         N/A       100%        6
 Ozocubu's Refrigeration  Ice            0%         4d7       100%        7
 Summon Hydra             Summ           0%         N/A       100%        7


Dungeon Overview and Level Annotations

Branches:
Dungeon (14/15)            Temple (1/1) D:5            Lair (0/5) D:9
    Orc (0/2) D:12         Vaults (0/5) D:14        Ossuary (visited)
  IceCv (visited)         Gauntlet (visited)

Altars:
Ashenzari
Cheibriados
Dithmenos
Fedhas
Gozag
Hepliaklqana
Kikubaaqudgha
Makhleb
Nemelex Xobeh
Okawaru
Qazlal
Ru
Sif Muna
Trog
Uskayaw
Vehumet
Wu Jian
Xom
Yredelemnul

Shops:
D:8 [[[(   D:11 (   D:12 (

Annotations:
D:14 exclusion: orange crystal statue, Roxanne


Innate Abilities, Weirdness & Mutations

Your life essence is reduced to manifest your ancestor. (-10% HP)
You sometimes gain power by taking damage.
When seriously injured, your blood forms very thick armour. (AC +12)
Spells you cast may paralyse adjacent enemies.
You have a tail ending in a sharp stinger.


Message History

Found a robe.
Roxanne, Geomancer Emeritus comes into view.
Marking area around Roxanne as unsafe for travelling.
You swap places.
You see here a +0 robe.
Unknown command.
Roxanne mutters, "When I said I wanted to live forever... this was not what I had in mind."
Unknown command.
Roxanne mumbles some strange words.
You blink.
You hit Roxanne but do no damage.
You tail-slap Roxanne, but do no damage.
Jaydra hits Roxanne but does no damage.
Roxanne casts a spell.
The crystal spear hits you!!!
Ouch! That really hurt!
You focus on the pain.
You feel agile all of a sudden.
Your blood congeals into armour.
Jaydra hits Roxanne with a +0 dagger of draining.
You hit Roxanne but do no damage.
Roxanne is lightly damaged.
Jaydra hits Roxanne but does no damage.
You hit Roxanne but do no damage.
Roxanne is lightly damaged.
Jaydra hits Roxanne with a +0 dagger of draining.
Unknown command.
You hit Roxanne but do no damage.
Roxanne is lightly damaged.
Jaydra hits Roxanne but does no damage.
Unknown command.
You hit Roxanne but do no damage.
Roxanne is lightly damaged.
Jaydra hits Roxanne with a +0 dagger of draining!
You hit Roxanne but do no damage.
Roxanne is lightly damaged.
Jaydra hits Roxanne but does no damage.
Roxanne mumbles some strange words.
The crystal spear hits you!!!
You die...

#.# #...#...#....~~≈≈P #.
#.###...#...#.....~≈≈. #..
#.......#...#....~≈≈≈#
#..###.......#...#...~#≈≈≈#
#.....[.###..#...#....#≈≈≈#
#.......# #..#...#....# ≈≈#
#.......###..# #..### ≈#
#..###..##...# #..# #..
#...R.@.# ...# ....
#....8..# #... #..#....#
#... #..###..# #..# #..#
#..# #..# #..# #... #..#
#.... #.. #..


You could see the friendly Jaydra the hexer and Roxanne (ally target).

Vanquished Creatures
  Gastronok (D:12)
  Josephine (D:12)
  A great orb of eyes (Gauntlet)
  A hydra (D:14)
  A centaur warrior (D:13)
  3 two-headed ogres
  A boulder beetle (D:11)
  Sonja (D:13)
  A fire crab (D:12)
  Lodul (D:14)
  2 bog bodies (IceCv)
  3 ugly things
  A deep elf pyromancer (D:14)
  A cyclops (D:14)
  2 manticores (D:14)
  5 slime creatures
  An ice statue (IceCv)
  A gargoyle (D:11)
  An ice devil (IceCv)
  3 meliai (D:14)
  2 trolls (D:13)
  A hornet (D:11)
  Prince Ribbit (D:8)
  3 flying skulls (Gauntlet)
  Sigmund (D:3)
  2 shadows
  A wyvern (D:9)
  9 wraiths
  4 yaks
  Grum (D:7)
  3 steam dragons
  4 death yak simulacra (IceCv)
  9 vampire mosquitoes
  A hydra simulacrum (IceCv)
  A black bear (D:5)
  3 orc warriors (D:12)
  An ice beast (D:6)
  3 sky beasts
  5 ogres (D:14)
  3 centaurs
  4 wolves
  A phantom (D:5)
  2 kobold brigands
  A bullfrog (D:7)
  7 two-headed ogre simulacra
  2 gnoll sergeants
  3 scorpions
  3 cane toad simulacra (IceCv)
  4 wights
  10 killer bees
  3 howler monkeys
  5 electric eels
  A quasit (D:8)
  10 orc priests
  2 sleepcaps
  A gnoll bouda (D:3)
  4 iguanas
  12 orc wizards
  A polar bear simulacrum (IceCv)
  A spriggan simulacrum (IceCv)
  8 troll simulacra
  5 wolf simulacra
  7 mummies (Ossuary)
  14 gnolls
  4 adders
  5 naga simulacra
  8 white imps
  8 ufetubi
  A worm (D:5)
  5 dart slugs
  39 orcs
  10 ball pythons
  4 bats
  10 endoplasms
  2 giant cockroaches
  A gnoll zombie (Ossuary)
  9 goblins
  6 hobgoblins
  15 jackals
  15 kobolds
  3 quokkas
  5 frilled lizards
  A hobgoblin zombie (Ossuary)
  A kobold zombie (Ossuary)
  2 orc zombies (Ossuary)
  5 rats
360 creatures vanquished.

Vanquished Creatures (collateral kills)
  Nessos (D:12)
  A minotaur (Gauntlet)
  Erolcha (D:11)
  3 two-headed ogres
  2 deep elf pyromancers (D:12)
  2 ugly things
  2 cyclopes (D:11)
  2 manticores
  A moth of wrath (Gauntlet)
  A gargoyle (D:11)
  A freezing wraith (D:14)
  2 trolls
  2 slime creatures
  A jumping spider (shapeshifter) (D:13)
  A dire elephant simulacrum (IceCv)
  2 water elementals (D:14)
  2 wraiths (D:9)
  8 yaks
  3 vampire mosquitoes
  An acid dragon (D:11)
  3 orc warriors
  3 ogres (D:14)
  5 wolves
  A centaur (D:11)
  A kobold brigand (D:8)
  2 two-headed ogre simulacra (D:12)
  An elephant simulacrum (D:12)
  An electric eel (D:7)
  A howler monkey (D:7)
  2 quasits (D:8)
  2 orc priests
  A hound (D:7)
  5 orc wizards
  2 troll simulacra (IceCv)
  A mummy (Ossuary)
  5 gnolls
  3 naga simulacra (IceCv)
  7 ufetubi
  8 orcs
  A gnoll zombie (Ossuary)
  2 hobgoblin zombies (Ossuary)
  6 kobolds
102 creatures vanquished.

Vanquished Creatures (others)
  A tengu warrior (D:14)
  An arcanist (D:5)
  2 lava snakes (D:14)
  16 hexers
  An ancestor (D:7)
21 creatures vanquished.

Grand Total: 483 creatures vanquished

Notes
Turn   | Place    | Note
-------+----------+-------------------------------------------
     0 | D:1      | Demosthentine the Demonspawn Gladiator began the quest for
                  | the Orb.
     0 | D:1      | Reached XP level 1. HP: 16/16 MP: 1/1
   176 | D:1      | Gained mutation: When seriously injured, your blood forms
                  | armour. (AC +12) [demonic ancestry]
   176 | D:1      | Reached XP level 2. HP: 11/22 MP: 2/2
   659 | D:1      | Found a faded altar of an unknown god.
   682 | D:1      | Reached skill level 1 in Armour
   853 | D:1      | Gained mutation: You sometimes gain a little power by
                  | taking damage. [demonic ancestry]
   853 | D:1      | Reached XP level 3. HP: 28/28 MP: 3/3
  1220 | D:2      | Gained mutation: When seriously injured, your blood forms
                  | thick armour. (AC +12) [demonic ancestry]
  1220 | D:2      | Reached XP level 4. HP: 16/34 MP: 4/4
  2063 | D:3      | Noticed Sigmund
  2114 | D:3      | Gained mutation: You have a small tail. [demonic ancestry]
  2114 | D:3      | Reached XP level 5. HP: 30/41 MP: 5/5
  2466 | D:3      | Killed Sigmund
  2467 | D:3      | Gained mutation: You sometimes gain power by taking damage.
                  | [demonic ancestry]
  2467 | D:3      | Reached XP level 6. HP: 37/48 MP: 6/6
  3180 | D:4      | Gained mutation: You have a tail ending in a sharp stinger.
                  | [demonic ancestry]
  3180 | D:4      | Reached XP level 7. HP: 37/54 MP: 7/7
  3266 | D:4      | Found a shadowy altar of Dithmenos.
  4559 | D:5      | Entered Level 5 of the Dungeon
  4932 | D:5      | Found a staircase to the Ecumenical Temple.
  5007 | D:5      | Found a snail-covered altar of Cheibriados.
  5077 | D:5      | Found a bloodstained altar of Trog.
  5132 | D:5      | Noticed an arcanist
  5138 | D:5      | Killed an arcanist
  5227 | D:5      | Reached skill level 5 in Fighting
  5248 | Temple   | Entered the Ecumenical Temple
  5422 | Temple   | Became a worshipper of Hepliaklqana the Forgotten
  5511 | D:5      | Reached skill level 5 in Polearms
  5511 | D:5      | Reached skill level 5 in Dodging
  5511 | D:5      | Gained mutation: When seriously injured, your blood forms
                  | very thick armour. (AC +12) [demonic ancestry]
  5511 | D:5      | Reached XP level 8. HP: 55/62 MP: 8/8
  5788 | D:5      | Identified a scroll of acquirement
  5788 | D:5      | Acquired a manual of Polearms
  6863 | D:6      | Reached * piety under Hepliaklqana
  7150 | D:6      | Reached skill level 5 in Armour
  7236 | D:6      | Found a radiant altar of Vehumet.
  7245 | D:6      | Found a shimmering altar of Xom.
  7266 | D:7      | Found an ornate altar of the Wu Jian Council.
  7328 | D:7      | Found an iron altar of Okawaru.
  7356 | D:7      | Gained mutation: Spells you cast may paralyse adjacent
                  | enemies. [demonic ancestry]
  7356 | D:7      | Reached XP level 9. HP: 57/62 MP: 9/9
  7388 | D:7      | Found an ancient bone altar of Kikubaaqudgha.
  7533 | D:7      | Found a sand-covered staircase.
  7541 | Ossuary  | Entered an ossuary
  8402 | D:7      | Found a burning altar of Makhleb.
  8549 | D:8      | Noticed Grum
  8550 | D:8      | Noticed a two-headed ogre
  8567 | D:7      | Reached skill level 1 in Invocations
  8590 | D:7      | Killed Grum
  8751 | D:7      | Killed a two-headed ogre
  8920 | D:8      | Found Yjotwoma's Armour Boutique.
  8968 | D:8      | Reached ** piety under Hepliaklqana
  8970 | D:8      | Remembered your ancestor Jaydra as a hexer
  9027 | D:8      | Reached XP level 10. HP: 65/71 MP: 13/13
  9051 | D:8      | Found a stormy altar of Qazlal.
  9076 | D:8      | Found Nebrumn's Armour Shop.
  9148 | D:8      | Found Duku's Antique Armour Shoppe.
  9268 | D:8      | Found Gyniusme's Antique Weapon Shoppe.
  9327 | D:8      | Found Ufreng's Antique Armour Shoppe.
  9348 | D:8      | Noticed Prince Ribbit
  9361 | D:8      | Killed Prince Ribbit
  9479 | D:9      | Noticed a two-headed ogre
  9484 | D:9      | Killed a two-headed ogre
  9485 | D:9      | Reached skill level 5 in Invocations
  9842 | D:9      | Found a staircase to the Lair.
 10145 | D:9      | Reached skill level 10 in Polearms
 10216 | D:10     | Entered Level 10 of the Dungeon
 10326 | D:10     | Noticed a +0 dagger
 10326 | D:10     | Noticed a +0 hand axe
 10328 | D:10     | Found a hide-covered altar of Uskayaw.
 10338 | D:10     | Noticed a two-headed ogre
 10358 | D:10     | Killed a two-headed ogre
 10555 | D:10     | Reached *** piety under Hepliaklqana
 10561 | D:10     | Found a sparkling altar of Nemelex Xobeh.
 10597 | D:10     | Reached XP level 11. HP: 58/78 MP: 16/16
 10816 | D:10     | You fall into a shaft and drop 2 floors!
 10842 | D:12     | Noticed Josephine
 10866 | D:12     | Killed Josephine
 10929 | D:12     | Found Udoll's Weapon Shop.
 11083 | D:12     | Noticed a deep elf pyromancer
 11093 | D:12     | Killed a deep elf pyromancer
 11179 | D:12     | Found a staircase to the Orcish Mines.
 11293 | D:12     | Found a frozen archway.
 11328 | IceCv    | Entered an ice cave
 11817 | IceCv    | Noticed a bog body
 11818 | IceCv    | Noticed a bog body
 11851 | IceCv    | Killed a bog body
 11869 | IceCv    | Killed a bog body
 11992 | IceCv    | Found the +4 skin of Zhor {*Englaciate rC+++ SInv}
 12082 | IceCv    | Reached skill level 10 in Fighting
 12549 | D:12     | Noticed a deep elf pyromancer
 12555 | D:12     | Killed a deep elf pyromancer
 12559 | D:11     | Noticed a brown ugly thing
 12559 | D:11     | Noticed a fire crab
 13004 | D:12     | Killed a fire crab
 13005 | D:12     | Reached XP level 12. HP: 29/87 MP: 19/19
 13240 | D:11     | Noticed Erolcha
 13246 | D:11     | Noticed a two-headed ogre
 13500 | D:11     | Reached skill level 10 in Invocations
 13630 | D:11     | Noticed a boulder beetle
 13672 | D:11     | Killed a boulder beetle
 13752 | D:11     | Found Ilov's Weapon Boutique.
 13820 | D:11     | Reached skill level 10 in Dodging
 13869 | D:11     | Killed Erolcha
 13993 | D:11     | Reached **** piety under Hepliaklqana
 14047 | D:11     | Killed a two-headed ogre
 14379 | D:11     | Noticed a two-headed ogre
 14398 | D:11     | Killed a two-headed ogre
 15084 | D:12     | Noticed Gastronok
 15110 | D:12     | Killed Gastronok
 15167 | D:12     | Noticed Nessos
 15189 | D:12     | Killed Nessos
 15554 | D:13     | Noticed Sonja
 15564 | D:13     | Killed Sonja
 15780 | D:13     | Found a gate leading to a gauntlet.
 15787 | Gauntlet | Entered a Gauntlet
 15787 | Gauntlet | Found a transporter.
 15810 | Gauntlet | Found a transporter.
 15812 | Gauntlet | Found a transporter.
 15826 | Gauntlet | Found a transporter.
 15830 | Gauntlet | Noticed a dire elephant
 15840 | Gauntlet | Found a transporter.
 15851 | Gauntlet | Found a transporter.
 15853 | Gauntlet | Noticed a great orb of eyes
 15862 | Gauntlet | Found a transporter.
 15869 | Gauntlet | Noticed a minotaur
 15874 | Gauntlet | Found a transporter.
 15883 | Gauntlet | Found a runed translucent door.
 15883 | Gauntlet | Noticed a death yak
 15884 | Gauntlet | Noticed a death yak
 15885 | Gauntlet | Noticed a death yak
 15886 | Gauntlet | Found a runed translucent door.
 15886 | Gauntlet | Noticed a death yak
 15886 | Gauntlet | Noticed a death yak
 15888 | Gauntlet | Found a transporter.
 15903 | Gauntlet | Found a transporter.
 15904 | Gauntlet | Found a transporter.
 15905 | Gauntlet | Noticed a death scarab
 15924 | Gauntlet | Found a transporter.
 15924 | Gauntlet | Found a transporter.
 15963 | Gauntlet | Found a transporter.
 15999 | Gauntlet | Reached XP level 13. HP: 90/95 MP: 20/22
 16194 | Gauntlet | Killed a minotaur
 16203 | Gauntlet | Identified the +9 scimitar of Sloth {drain, rF+ rC+ MP+9
                  | Stlth+}
 16929 | D:14     | Reached ***** piety under Hepliaklqana
 17341 | D:14     | Noticed an ironbound preserver
 17342 | D:14     | Found a gate to the Vaults.
 17439 | D:14     | Noticed Lodul
 17449 | D:14     | Killed Lodul
 17704 | D:14     | Noticed Roxanne
 17718 | D:14     | Killed from afar by Roxanne

Illustrated notes

Levels and vault maps discovered:
D:1:      dpeg_arrival_erosion, layout_loops_corners,
          hellmonk_ecumenical_altar_defaced_shrine
D:2:      layout_basic, nicolae_figureground_sparkle
D:3:      layout_basic, supply_closet_lemuel, uniq_sigmund
D:4:      layout_basic, mainiacjoe_overflow_boulevard,
          minmay_a_box_with_orc_wizards_in_it
D:5:      layout_loops_ring, nicolae_elyvilon_temple_path,
          cheibrodos_worm_habitat, trog_wizard, minmay_temple_entry_ruins,
          minmay_misc_feat_rugged
D:6:      nicolae_whirlpool, layout_basic, mainiacjoe_overflow_swirl,
          serial_glass, glass_columns_c, glass_columns_a
D:7:      layout_gridville, makhleb_heckhound_becter, old_standard_altar,
          mainiacjoe_overflow_catch_the_wave, chequers_ossuary_entry_cave,
          serial_co_window_serial, co_window_of_opportunity_a,
          co_window_paths_a, co_window_paths_a, co_window_corner_a,
          co_window_paths_a, co_window_broadway_b, co_window_broadway_c,
          co_window_broadway_b, co_window_2corner, co_window_of_opportunity_c,
          co_window_broadway_a, co_window_paths_e, glass_columns_a,
          glass_columns_c, glass_columns_a, glass_columns_a
D:8:      layout_cave_pools, kennysheep_mini_moat, serial_demonic,
          serial_demonic_a, serial_demonic_e, serial_demonic_d,
          serial_demonic_b, serial_demonic_d, serial_demonic_b, serial_shops,
          nicolae_shop_trees, nicolae_shop_tiny_waterfront, shop,
          nicolae_shop_back_alley_shop, shop, uniq_grum, uniq_prince_ribbit1
D:9:      layout_layer_cave, dpeg_oklobed_lair
D:10:     layout_rooms, dancing_weapons_uskayaw, nemelex_spade_bored_becter,
          nicolae_overflow_crystal_walls
D:11:     layout_stronghold, serial_shops, nicolae_shop_advertising_works
          [nicolae_subvault_shop_adworks], nzn_random_ring, uniq_erolcha
D:12:     layout_roguey, david_orc_1_choice,
          portal_ice_cave_entry_ice_simulacra, serial_shops, shop,
          uniq_gastronok, uniq_nessos, uniq_josephine
D:13:     layout_loops_ring, gauntlet_entry_generic, uniq_sonja
D:14:     layout_long_grid, skrybe_vaults_entry_preservation,
          chequers_big_river, special_room [special_room_orc], disabler_island,
          uniq_roxanne, uniq_lodul, uniq_snorg
Temple:   pf_temple_reverse_labyrinth

Skill      XL: |  1  2  3  4  5  6  7  8  9 10 11 12 13 |
---------------+----------------------------------------+-----
Polearms       | 3 4 5 6 8 10 12 13 | 13.7
Dodging        | 3 4 5 6 7 8 9 10 11 | 11.4
Armour         | 1 2 3 5 |  5.5
Fighting       | 3 4 5 6 7 8 10 11 12 | 12.2
Invocations    | 4 7 9 12 13 | 13.2
Throwing       | |  1.7

Action                     |  1- 3 |  4- 6 |  7- 9 | 10-12 | 13-15 || total
---------------------------+-------+-------+-------+-------+-------++-------
  Melee: Trident           |   115 |   189 |   477 |   988 |   326 ||  2095
         Punch             |     2 |       |     6 |    11 |     1 ||    20
         Tailslap          |       |     9 |    74 |   143 |    61 ||   287
  Throw: Throwing net      |       |     1 |     2 |     3 |     1 ||     7
 Invoke: Recall Ancestor   |       |       |     1 |     2 |       ||     3
         Ancestor Life: He |       |       |     1 |       |       ||     1
  Evoke: Wand              |       |       |       |       |     3 ||     3
    Use: Scroll            |     2 |     7 |    10 |    11 |     4 ||    34
         Potion            |       |     2 |       |     5 |     2 ||     9
   Stab: Sleeping          |       |     2 |       |       |       ||     2
         Held in net/web   |       |     2 |     1 |     5 |       ||     8
         Distracted        |       |       |     2 |    13 |     5 ||    20
         Confused          |       |       |       |    29 |    11 ||    40
 Armour: Leather armour    |    60 |   118 |   154 |   159 |       ||   491
         Steam dragon scal |       |       |   138 |   134 |       ||   272
         Troll leather arm |       |       |       |     8 |   145 ||   153
  Dodge: Dodged            |    72 |   129 |   364 |   509 |   155 ||  1229

Table legend: (Time is in decaauts)
 A = Elapsed time spent in this place.
 B = Non-inter-level travel time spent in this place.
 C = Inter-level travel time spent in this place.
 D = Time resting spent in this place.
 E = Time spent auto-exploring this place.
 F = Levels seen in this place.
 G = Mean time per level.
                   A        B        C        D        E       F      G
               +--------+--------+--------+--------+--------+-----+--------+
         Total |  17422 |  17034 |    388 |    654 |  12170 |  18 |  967.9 |
       Dungeon |  15337 |  15045 |    292 |    635 |  10812 |  14 | 1095.5 |
        Temple |    228 |    132 |     96 |      0 |    120 |   1 |  228.0 |
       Ossuary |    243 |    243 |      0 |      0 |    162 |   1 |  243.0 |
      Ice Cave |   1145 |   1145 |      0 |      0 |    804 |   1 | 1145.0 |
      Gauntlet |    468 |    468 |      0 |     19 |    272 |   1 |  468.0 |
               +--------+--------+--------+--------+--------+-----+--------+

Top non-repeatable levels by time:
    D:12: 1649 daAuts
     D:4: 1620 daAuts
    D:11: 1388 daAuts
     D:7: 1379 daAuts
     D:5: 1321 daAuts
     D:6: 1205 daAuts
     D:1: 1155 daAuts
   IceCv: 1145 daAuts
     D:3: 1081 daAuts
    D:14: 875 daAuts
    D:13: 835 daAuts
    D:10: 800 daAuts
     D:2: 733 daAuts
     D:9: 718 daAuts
     D:8: 572 daAuts
